 Dungeon Crawl Stone Soup version 0.31-a0-152-g6aa68a64a1 (webtiles) character file.

Game seed: 17427847750320292249

62541 Elmgren the Bludgeoner (level 14, -7/137 (141) HPs)
             Began as a Minotaur Berserker on June 11, 2023.
             Was an Elder of Trog.
             Mangled by a sixfirhy (12 damage)
             ... summoned by an orc high priest
             ... on level 2 of the Orcish Mines.
             The game lasted 00:54:05 (24928 turns).

Elmgren the Bludgeoner (Minotaur Berserker)        Turns: 24928, Time: 00:54:06

HP:   -7/137 (141)  AC: 28    Str: 29    XL:     14   Next: 64%
MP:   13/13         EV:  8    Int:  4    God:    Trog [****..]
Gold: 1343          SH:  6    Dex: 11    Spells: 13/13 levels left

rFire   . . .        o - +7 whip "Isyet" {flame, rPois Str+3}
rCold   + . .        M - +0 kite shield
rNeg    . . .        E - +2 plate armour
rPois   +            R - +1 hat {SInv}
rElec   .            P - +2 cloak
rCorr   .            b - +0 pair of gloves
SInv    +            y - +0 pair of boots
Will    ++++.        N - amulet of the acrobat Stlth
                     u - ring of protection from cold
HPRegen 1.42/turn    t - ring of willpower
MPRegen 0.13/turn

%: acrobat
@: strong-willed, on berserk cooldown, regenerating, slowed, lightly drained,
very slow
A: horns 2, retaliatory headbutt
a: Renounce Religion, Berserk, Trog's Hand, Brothers in Arms


You were on level 2 of the Orcish Mines.
You worshipped Trog.
Trog was greatly pleased with you.
You visited 3 branches of the dungeon, and saw 18 of its levels.

You collected 1343 gold pieces.

Inventory:

Hand Weapons
 o - the +7 whip "Isyet" (weapon) {flame, rPois Str+3}
   (You took it off an orc on level 3 of the Dungeon)

   Str:       It affects your strength (+3).
   rPois:     It protects you from poison.
 K - the +12 great sword "Ikhoneh" {vamp, Int+6}
   (You found it on level 5 of the Lair of Beasts)

   Int:       It affects your intelligence (+6).
Missiles
 B - a throwing net
Armour
 b - a +0 pair of gloves (worn)
 y - a +0 pair of boots (worn)
 E - a +2 plate armour (worn)
 M - a +0 kite shield (worn)
 P - a +2 cloak (worn)
 R - a +1 hat of see invisible (worn)
Jewellery
 t - a ring of willpower (right hand)
 u - a ring of protection from cold (left hand)
 F - a +5 ring of evasion
 G - a ring of protection from fire
 N - an amulet of the acrobat (around neck)
 O - a ring of fire
 Q - a +4 ring of protection
Wands
 k - a wand of iceblast (17)
 v - a wand of flame (30)
 w - a wand of polymorph (4)
 C - a wand of light (19)
 D - a wand of digging (5)
 J - a wand of charming (6)
Scrolls
 c - a scroll of amnesia
 d - 4 scrolls of identify
 g - 8 scrolls of teleportation
 m - 2 scrolls of poison
 r - 2 scrolls of fog
 s - a scroll of fear
 A - a scroll of magic mapping
Potions
 a - 4 potions of curing
 e - a potion of berserk rage
 f - 5 potions of might
 h - 3 potions of lignification
 j - 2 potions of mutation
 l - 4 potions of haste
 n - 4 potions of brilliance
 p - 3 potions of cancellation
 x - a potion of ambrosia
 z - a potion of invisibility
 I - 4 potions of enlightenment
 L - 2 potions of degeneration {unknown}


   Skills:
 + Level 17.7 Fighting
 + Level 18.2 Maces & Flails
 - Level 5.0 Polearms
 + Level 17.4 Armour
 - Level 3.7 Dodging


You had 13 spell levels left.
You didn't know any spells.
Your spell library was empty.

Dungeon Overview and Level Annotations

Branches:
Dungeon (11/15)            Temple (0/1) D:6            Lair (5/5) D:8
 Shoals (0/4) Lair:2        Snake (0/4) Lair:3        Slime (0/5) Lair:5
    Orc (2/2) D:11            Elf (0/3) Orc:2

Altars:
Cheibriados
Sif Muna
Jiyva

Shops:
D:1 (   Orc:2 [??

Annotations:
Lair:5 exclusion: obsidian statue
Orc:1 Erolcha


Innate Abilities, Weirdness & Mutations

You have a pair of horns on your head.
You reflexively headbutt those who attack you in melee.


Message History

a +0 plate armour; a +0 dire flail; a +0 short sword The sun demon attacks as you move away!
You block the sun demon's attack. The sun demon completely misses you.
You furiously retaliate!
You headbutt the sun demon. The sixfirhy completely misses you.
You furiously retaliate!
You headbutt the sixfirhy!
Okay, then.
Blink to where?
Press: ? - help, Dir - move target
As you read the scroll of blinking, it crumbles to dust.
The sun demon disappears in a puff of smoke!
The sixfirhy misses you. You block the sixfirhy's attack.
The sixfirhy misses you. You furiously retaliate!
You headbutt the sixfirhy. The sixfirhy closely misses you.
You furiously retaliate!
You headbutt the sixfirhy.
You feel much better.
The orc high priest mumbles some strange prayers to Beogh.
You block the sixfirhy's attack.
The sixfirhy hits you but does no damage.
The sixfirhy completely misses you. You furiously retaliate!
You headbutt the sixfirhy. The sixfirhy attacks as you move away!
You block the sixfirhy's attack. The sixfirhy barely misses you.
The sixfirhy completely misses you. The sixfirhy barely misses you.
The orc high priest mumbles some strange prayers to Beogh against you.
Beogh smites you!
* * * LOW HITPOINT WARNING * * *
Your skin crawls.
You feel strong-willed.
The sixfirhy hits you but does no damage.
The sixfirhy barely misses you.
The orc high priest invokes the aid of Beogh against you.
Beogh smites you!
* * * LOW HITPOINT WARNING * * *
The sixfirhy hits you but does no damage.
The orc high priest prays to Beogh.
The sixfirhy hits you.
* * * LOW HITPOINT WARNING * * *
The sixfirhy shocks you!
You die...

##......#....#.# ######...
#......###.).[.### ##...#
####....#.##.[[[...## ##[[4)[
#.......###...).....## ##[[#.#.
###......###..<[.[...# ##[[##o..
#.......###...)<[..## ##..###3..
#........###..[#).#####..###44.#
###.....###.....o...##..###...##
##...........@3..43.o###o..##
##.........#.#...o3###.o.##
###........####...###3#4##
#..........## ##.###...##
###...........## ### ##.#.##
##..............# ##.3o##
#........##.....#### ##ยง.3#
###....#..##........## ##o..#
.......######........# ##o..#


You could see 2 orc high priests, an orange demon (summoned), a sixfirhy
(summoned), a smoke demon (summoned), a neqoxec (summoned) and an orc sorcerer.

Vanquished Creatures
  Gastronok (D:10)
  4 dire elephants
  An ice dragon (Lair:5)
  2 hydras
  A centaur warrior (D:11)
  A catoblepas (Lair:5)
  2 two-headed ogres (D:11)
  A boulder beetle (D:11)
  A death yak (Lair:4)
  2 spectral dire elephants (Lair:5)
  An orc high priest (Orc:1)
  Amaemon (Lair:1)
  2 spectral death yaks (Lair:5)
  A fire crab (Lair:5)
  A spectral anaconda (Lair:5)
  5 orc knights
  A deep elf pyromancer (D:10)
  3 necromancers
  2 orc sorcerers
  2 manticores (D:11)
  23 elephants
  6 black mambas
  3 merfolk sirens (Lair:2)
  A rust devil (Orc:1)
  An ice statue (Lair:5)
  2 unseen horrors
  2 orange demons
  10 cane toads
  A dire elephant skeleton (Lair:5)
  2 rime drakes
  8 komodo dragons
  5 trolls
  A merfolk (Lair:2)
  3 polar bears (Lair:5)
  Prince Ribbit (D:7)
  A shadow (D:9)
  47 yaks
  A wyvern (D:8)
  2 wraiths (D:11)
  A vampire (D:10)
  2 ynoxinuls (Orc:2)
  7 basilisks
  A chaos spawn (Orc:2)
  A death yak simulacrum (Lair:5)
  3 steam dragons
  An acid dragon (D:11)
  10 water moccasins
  41 orc warriors
  5 black bears
  An elephant zombie (Lair:5)
  9 ice beasts
  2 sky beasts
  32 wolves
  3 centaurs
  4 ogres
  2 elephant skeletons (Lair:5)
  The ghost of mmBingo the Chiller, an amateur DsIE (D:3)
  A kobold brigand (D:8)
  11 bullfrogs
  3 gnoll sergeants
  2 scorpions
  2 cane toad simulacra (Lair:5)
  A wight (D:6)
  An elephant simulacrum (Lair:5)
  8 killer bees
  2 electric eels
  2 howler monkeys
  7 hounds
  3 jellies
  34 orc priests
  Ijyb (D:5)
  Jessica (D:2)
  5 gnoll boudas
  2 sleepcaps (D:6)
  3 iguanas
  13 orc wizards
  25 gnolls
  13 adders
  2 shadow imps
  4 white imps
  5 ufetubi
  A worm (D:3)
  3 dart slugs
  96 orcs
  5 bats
  5 endoplasms
  3 giant cockroaches
  5 goblins
  8 hobgoblins
  4 jackals
  5 quokkas
  5 ball pythons
  A frilled lizard (D:2)
  7 kobolds
  6 rats
586 creatures vanquished.

Notes
Turn   | Place    | Note
-------+----------+-------------------------------------------
     0 | D:1      | Elmgren the Minotaur Berserker began the quest for the Orb.
     0 | D:1      | Reached XP level 1. HP: 19/19 MP: 0/0
   176 | D:1      | Reached XP level 2. HP: 27/27 MP: 1/1
   229 | D:1      | Found Cuixapi's Weapon Shoppe.
   989 | D:2      | Reached XP level 3. HP: 33/33 MP: 2/2
  1206 | D:2      | Reached ** piety under Trog
  1218 | D:2      | Noticed Jessica
  1236 | D:2      | Killed Jessica
  1237 | D:2      | Reached XP level 4. HP: 36/41 MP: 3/3
  1814 | D:3      | Found a runed translucent gate.
  1815 | D:3      | Found a runed translucent gate.
  1815 | D:3      | Identified the +7 whip "Isyet" {flame, rPois Str+3}
  1815 | D:3      | Noticed mmBingo's ghost (amateur DsIE)
  1816 | D:3      | Found a runed translucent gate.
  2407 | D:3      | Found a faded altar of an unknown god.
  2604 | D:3      | Killed mmBingo's ghost
  2605 | D:3      | Reached XP level 5. HP: 31/47 MP: 4/4
  2608 | D:3      | Reached skill level 5 in Fighting
  2618 | D:3      | Reached skill level 5 in Polearms
  2963 | D:4      | Reached skill level 1 in Maces & Flails
  2963 | D:4      | Reached XP level 6. HP: 56/56 MP: 5/5
  3022 | D:4      | Reached skill level 2 in Maces & Flails
  3140 | D:4      | Reached skill level 3 in Maces & Flails
  3213 | D:5      | Entered Level 5 of the Dungeon
  3262 | D:5      | Reached skill level 5 in Armour
  3262 | D:5      | Reached XP level 7. HP: 60/62 MP: 6/6
  3295 | D:5      | Reached *** piety under Trog
  3346 | D:5      | Reached skill level 4 in Maces & Flails
  3444 | D:5      | Reached skill level 5 in Maces & Flails
  3507 | D:5      | Noticed Ijyb
  3524 | D:5      | Killed Ijyb
  3915 | D:6      | Reached skill level 6 in Maces & Flails
  3915 | D:6      | Reached XP level 8. HP: 68/71 MP: 7/7
  3942 | D:6      | Reached skill level 7 in Maces & Flails
  3967 | D:6      | Reached skill level 8 in Maces & Flails
  4348 | D:6      | Reached XP level 9. HP: 81/81 MP: 8/8
  4480 | D:6      | Found a staircase to the Ecumenical Temple.
  4784 | D:6      | Reached **** piety under Trog
  4923 | D:6      | Reached skill level 9 in Maces & Flails
  5153 | D:7      | Reached skill level 10 in Maces & Flails
  5267 | D:7      | Found a shimmering blue altar of Sif Muna.
  5789 | D:7      | Found a snail-covered altar of Cheibriados.
  5969 | D:7      | Noticed Prince Ribbit
  5979 | D:7      | Killed Prince Ribbit
  6188 | D:8      | Noticed a komodo dragon
  6193 | D:7      | Reached XP level 10. HP: 77/91 MP: 9/9
  6395 | D:8      | Reached skill level 11 in Maces & Flails
  6918 | D:8      | Reached ***** piety under Trog
  6919 | D:8      | Reached skill level 10 in Fighting
  6932 | D:8      | Found a staircase to the Lair.
  7877 | Lair:1   | Entered Level 1 of the Lair of Beasts
  7905 | Lair:1   | Reached skill level 10 in Armour
  8065 | Lair:1   | Reached skill level 12 in Maces & Flails
  8173 | Lair:1   | Noticed a cane toad
  8194 | Lair:1   | Killed a cane toad
  8207 | Lair:1   | Reached XP level 11. HP: 102/102 MP: 10/10
  8455 | Lair:1   | Noticed Amaemon
  8465 | Lair:1   | Killed Amaemon
  8586 | Lair:1   | Reached skill level 13 in Maces & Flails
 10511 | Lair:2   | Found a staircase to the Shoals.
 10594 | Lair:2   | Reached skill level 14 in Maces & Flails
 10730 | Lair:2   | Identified the +1 glaive "Weret" {antimagic, rC+ Dex+4}
                  | (Trog gifted it to you on level 2 of the Lair of Beasts)
 10730 | Lair:2   | Received a gift from Trog
 10731 | Lair:2   | Reached XP level 12. HP: 112/115 MP: 11/11
 11346 | Lair:3   | Found a staircase to the Snake Pit.
 12225 | Lair:3   | Identified the +1 leather armour of Vigat {rF++ Regen+}
 12318 | Lair:3   | Reached skill level 15 in Maces & Flails
 14078 | Lair:5   | Entered Level 5 of the Lair of Beasts
 14086 | Lair:4   | Received a gift from Trog
 14446 | Lair:5   | Noticed a catoblepas
 14487 | Lair:5   | Killed a catoblepas
 14575 | Lair:5   | Noticed a seven-headed hydra
 14590 | Lair:5   | Killed a seven-headed hydra
 14598 | Lair:5   | Reached skill level 15 in Fighting
 14599 | Lair:5   | Reached XP level 13. HP: 126/126 MP: 12/12
 14672 | Lair:5   | Found a viscous altar of Jiyva.
 14672 | Lair:5   | Found a staircase to the Slime Pits.
 14955 | Lair:5   | Reached skill level 15 in Armour
 15013 | Lair:5   | Noticed a dire elephant
 15013 | Lair:5   | Noticed a dire elephant
 15013 | Lair:5   | Noticed a dire elephant
 15036 | Lair:4   | Reached skill level 16 in Maces & Flails
 15115 | Lair:4   | Killed a dire elephant
 15429 | Lair:5   | Noticed a dire elephant
 15833 | Lair:5   | Killed a dire elephant
 16235 | Lair:5   | Killed a dire elephant
 16236 | Lair:5   | Killed a dire elephant
 17567 | Lair:5   | Identified the +12 great sword "Ikhoneh" {vamp, Int+6}
 17977 | Lair:5   | Reached skill level 17 in Maces & Flails
 18595 | D:9      | Reached XP level 14. HP: 120/138 MP: 13/13
 19421 | D:10     | Entered Level 10 of the Dungeon
 20168 | D:10     | Noticed Gastronok
 20178 | D:10     | Killed Gastronok
 20719 | D:11     | Found a staircase to the Orcish Mines.
 21575 | Orc:1    | Entered Level 1 of the Orcish Mines
 21813 | Orc:2    | Entered Level 2 of the Orcish Mines
 21889 | Orc:2    | Received a gift from Trog
 22040 | Orc:1    | Noticed an orc warlord
 22054 | Orc:1    | Noticed Erolcha
 22559 | Orc:2    | Found Hih Tif's Magic Scroll Shop.
 22565 | Orc:2    | Found Xipeg's Magic Scroll Boutique.
 22846 | Orc:2    | Reached skill level 18 in Maces & Flails
 23669 | Orc:2    | Found Wuaxefei's Armour Emporium.
 23672 | Orc:2    | Found a staircase to the Elven Halls.
 24928 | Orc:2    | HP: 5/137 [sixfirhy[an orc high priest] (5)]
 24928 | Orc:2    | Mangled by a sixfirhy

Illustrated notes

Levels and vault maps discovered:
D:1:      lemuel_arrival_funnel, layout_basic, serial_shops, shop
D:2:      layout_basic, uniq_jessica
D:3:      layout_basic, biasface_ghost_orc_armoury,
          chequers_ecumenical_altar_island, minmay_distorted
D:4:      layout_rooms
D:5:      layout_cave_pools, minmay_misc_feat_plants, uniq_ijyb
D:6:      layout_cave_pods, minmay_temple_entry_water_ring, st_stairs_2,
          minmay_joined_circles
D:7:      layout_cave_pods, mainiacjoe_overflow_swirl, uniq_prince_ribbit1
D:8:      layout_gridville, dpeg_oklobed_lair, hangedman_decor_peaks_small
D:9:      layout_basic, minmay_liquid_box
D:10:     layout_cave_pods, patterned_corridor, uniq_gastronok
D:11:     layout_loops_ring, minmay_orc_entry_temple_small
Lair:1:   layout_concentric_octagons, serial_bayou_shore_a, grunt_megastairs_4,
          uniq_amaemon
Lair:2:   layout_cave_pods, elwin_shoals_entry_stream, serial_bayou_crossing
Lair:3:   layout_regular_city, minmay_snake_entry_six_corridors,
          chequers_serial_rivers_marsh, lemuel_fruit_fields
Lair:4:   layout_gridlike
Lair:5:   due_jungle_book, layout_regular_city, dpeg_slime_entry_enclosed,
          chequers_serial_rivers_marsh, ice2_lemuel, infiniplex_staircase_pool
Orc:1:    layout_diamond_mine, enter_volcano_1, mines2_david, uniq_erolcha
Orc:2:    pf_orc_diabolical, layout_diamond_mine, serial_shops,
          nicolae_shop_stone

Skill      XL: |  1  2  3  4  5  6  7  8  9 10 11 12 13 14 |
---------------+-------------------------------------------+-----
Polearms       | 4 5 |  5.0
Fighting       | 4 5 6 8 9 11 13 15 16 17 | 17.7
Armour         | 3 4 5 6 7 9 11 12 14 16 17 | 17.4
Dodging        | 3 |  3.7
Maces & Flails | 1 3 6 8 10 12 14 15 17 18 | 18.2

Action                     |  1- 3 |  4- 6 |  7- 9 | 10-12 | 13-15 || total
---------------------------+-------+-------+-------+-------+-------++-------
  Melee: Spear             |    84 |       |       |       |       ||    84
         Punch             |     2 |     1 |     4 |    15 |     6 ||    28
         Headbutt          |     4 |    14 |    41 |   141 |   261 ||   461
         Whip              |       |   114 |   268 |   606 |   922 ||  1910
 Invoke: Berserk           |     1 |     2 |     2 |     8 |    19 ||    32
         Trog's Hand       |       |     1 |     1 |     3 |     5 ||    10
    Use: Scroll            |       |     9 |     2 |    17 |     6 ||    34
         Potion            |       |       |       |       |     3 ||     3
   Stab: Sleeping          |     1 |       |       |       |       ||     1
 Armour: Animal skin       |    10 |     9 |       |       |       ||    19
         Scale mail        |       |    13 |       |       |       ||    13
         Ring mail         |       |    13 |    99 |     9 |       ||   121
         Plate armour      |       |       |       |   240 |   443 ||   683
  Dodge: Dodged            |    45 |    62 |   108 |   186 |   375 ||   776
         Repelled          |       |       |       |     1 |     4 ||     5
  Block: Kite shield       |       |       |       |       |   165 ||   165

Table legend: (Time is in decaauts)
 A = Elapsed time spent in this place.
 B = Non-inter-level travel time spent in this place.
 C = Inter-level travel time spent in this place.
 D = Time resting spent in this place.
 E = Time spent auto-exploring this place.
 F = Levels seen in this place.
 G = Mean time per level.
                   A        B        C        D        E       F      G
               +--------+--------+--------+--------+--------+-----+--------+
         Total |  24511 |  24006 |    505 |   8041 |  12382 |  18 | 1361.7 |
       Dungeon |  10829 |  10618 |    211 |   2078 |   6914 |  11 |  984.5 |
          Lair |  10386 |  10092 |    294 |   4185 |   4540 |   5 | 2077.2 |
  Orcish Mines |   3295 |   3295 |      0 |   1777 |    928 |   2 | 1647.5 |
               +--------+--------+--------+--------+--------+-----+--------+

Top non-repeatable levels by time:
  Lair:5: 2947 daAuts
  Lair:4: 2545 daAuts
   Orc:2: 2036 daAuts
  Lair:2: 1809 daAuts
  Lair:1: 1624 daAuts
     D:7: 1564 daAuts
  Lair:3: 1460 daAuts
     D:3: 1332 daAuts
     D:6: 1291 daAuts
   Orc:1: 1258 daAuts
     D:8: 1250 daAuts
     D:9: 1051 daAuts
    D:10: 1004 daAuts
    D:11: 868 daAuts
     D:1: 867 daAuts
